 Dungeon Sprint DCSS version 0.18-a0-119-g02a7081 (webtiles) character file.

166 Kidiri the Covert (level 5, -3/26 HPs)
             Began as a Spriggan Enchanter on Nov 19, 2015.
             Slain by a shadow (11 damage)
             ... in the Dungeon (Sprint III: "The Ten Rune Challenge").
             The game lasted 00:04:31 (676 turns).

Kidiri the Covert (Spriggan Enchanter)               Turns: 676, Time: 00:04:31

Health: -3/26      AC:  4    Str:  4    XL:     5   Next: 22%
Magic:  2/14       EV: 22    Int: 17    God:
Gold:   24         SH:  0    Dex: 17    Spells: 5 memorised, 3 levels left

rFire  . . .     SeeInvis +     a - +1 dagger
rCold  . . .     Clarity  .     b - +2 robe
rNeg   . . .     SustAt   .     (shield restricted)
rPois  .         Gourm    .     (helmet restricted)
rElec  .         Spirit   .     (no cloak)
rCorr  .         Warding  .     (gloves unavailable)
rMut   .         NoTele   +     (boots unavailable)
MR     .....                    (no amulet)
Stlth  ++++......               (no ring)
                                (no ring)

@: very slightly contaminated, very quick, not resistant to hostile
enchantments, stealthy
A: unfitting armour, see invisible, herbivore 3, speed 3, slow metabolism 2
a: no special abilities


You were in the Dungeon.
You were not hungry.

You visited 1 branch You collected 24 gold pieces.

Inventory:

Hand Weapons
 a - a +1 dagger (weapon)
Armour
 b - a +2 robe (worn)
Scrolls
 j - a scroll of blinking
 m - a scroll of immolation {unknown}
 o - 4 scrolls of remove curse {unknown}
 r - a scroll of torment {unknown}
Potions
 e - a potion of curing
 g - a potion of haste
 p - a potion of cancellation
 s - a potion of cure mutation
Books
 c - a book of Maledictions

   Spells                             Type                      Level
   a - Corona                         Hexes                        1
   b - Ensorcelled Hibernation        Hexes/Ice                    2
   c - Confuse                        Hexes                        3
   d - Tukima's Dance                 Hexes                        3
   e - Dazzling Spray                 Conjuration/Hexes            3
Comestibles
 d - 3 bread rations


   Skills:
 + Level 2.0 Fighting
 * Level 4.4 Short Blades
 + Level 1.9 Armour
 * Level 7.0 Dodging
 * Level 8.2 Stealth
 * Level 5.7 Spellcasting
 + Level 1.3 Conjurations
 + Level 5.0 Hexes
 + Level 2.0 Ice Magic


You had 3 spell levels left.
You knew the following spells:

 Your Spells              Type           Power        Failure   Level  Hunger
a - Corona                Hex            ###....      1%          1    None
b - Ensorcelled Hibernat  Hex/Ice        ###...       6%          2    #......
c - Confuse               Hex            ###.....     8%          3    ##.....
d - Tukima's Dance        Hex            ###.....     8%          3    ##.....
e - Dazzling Spray        Conj/Hex       ###.....     12%         3    ##.....


Dungeon Overview and Level Annotations

Branches:
Dungeon (1/1)

Altars:


Innate Abilities, Weirdness & Mutations

You are tiny and cannot use many weapons and most armour.
You have supernaturally acute eyesight.
You are a herbivore.
You cover ground extremely quickly.
You need consume almost no food.


Message History

The shadow completely misses you.
You hit the shadow but do no damage.
The shadow is almost destroyed.
The shadow hits you!
You hit the shadow but do no damage.
The shadow is almost destroyed.
You hit the shadow but do no damage.
The shadow is almost destroyed.
The shadow barely misses you.
You closely miss the shadow.
The shadow is almost destroyed.
The shadow hits you.
You hit the shadow but do no damage.
The shadow is almost destroyed.
The shadow slips into darkness.
The shadow flickers and vanishes for a moment.
You hit the shadow but do no damage.
The shadow is almost destroyed.
The shadow hits you!
You die...

▓▓▓▓▓ ▓▓▓ #...#### ##.#
#......#####..#
#.......#!.#..#
##.##...#..#..###+#+###+##
##.###..##'#..#..........#
###.##..###...'.@W.......#
#..##..####...#...######'#
...##..###....#.⌠.# #...#
..##)..##.....#...# #...#
.##....#......#+### #...#
###..##.#.....# #..%+ #
#..#####....# +..J# ▓ ▓▓▓▓
▓▓▓▓▓▓ ▓▓▓▓▓


You could see a shadow (invisible).

Vanquished Creatures
  A water elemental (D)
  A scorpion (D)
  Jessica (D)
  A human (D)
  2 oozes (D)
  A rat (D)
7 creatures vanquished.

Vanquished Creatures (others)
  2 draconian scorchers (D)
  A yaktaur (D)
3 creatures vanquished.

Grand Total: 10 creatures vanquished

Notes
Turn   | Place    | Note
--------------------------------------------------------------
     0 | D        | Kidiri the Spriggan Enchanter began the quest for the Orb.
     0 | D        | Reached XP level 1. HP: 9/9 MP: 5/5
    11 | D        | Reached skill level 5 in Stealth
    11 | D        | Reached XP level 2. HP: 13/13 MP: 7/7
    15 | D        | Learned a level 2 spell: Ensorcelled Hibernation
    44 | D        | Noticed Jessica
    48 | D        | Killed Jessica
    48 | D        | Reached skill level 1 in Fighting
    48 | D        | Reached skill level 1 in Armour
    48 | D        | Reached skill level 5 in Dodging
    48 | D        | Reached skill level 6 in Stealth
    48 | D        | Reached XP level 3. HP: 16/18 MP: 7/9
    53 | D        | Learned a level 3 spell: Confuse
    57 | D        | Learned a level 3 spell: Dazzling Spray
    80 | D        | Noticed a scorpion
   181 | D        | Killed a white draconian scorcher
   195 | D        | Killed a white draconian scorcher
   291 | D        | Killed a yaktaur
   302 | D        | Killed a scorpion
   302 | D        | Reached skill level 7 in Stealth
   302 | D        | Reached skill level 1 in Ice Magic
   302 | D        | Reached XP level 4. HP: 17/22 MP: 6/11
   367 | D        | Learned a level 3 spell: Tukima's Dance
   377 | D        | Reached skill level 5 in Spellcasting
   396 | D        | Gained mutation: You are weak. (Str -2) [potion of mutation]
   396 | D        | Gained mutation: Potions and wands are less effective at restoring your health. [potion of mutation]
   396 | D        | Gained mutation: You are partially covered in iridescent scales (AC +4). [potion of mutation]
   397 | D        | Gained mutation: You tend to lose your temper in combat. [potion of mutation]
   398 | D        | Lost mutation: You are weak. (Str -2) [potion of cure mutation]
   398 | D        | Lost mutation: You are partially covered in iridescent scales (AC +4). [potion of cure mutation]
   398 | D        | Lost mutation: Potions and wands are less effective at restoring your health. [potion of cure mutation]
   398 | D        | Lost mutation: You tend to lose your temper in combat. [potion of cure mutation]
   426 | D        | Reached skill level 8 in Stealth
   426 | D        | Reached skill level 1 in Conjurations
   426 | D        | Reached skill level 5 in Hexes
   426 | D        | Reached XP level 5. HP: 13/26 MP: 1/14
   635 | D        | Noticed a shadow
   676 | D        | Slain by a shadow

Vault maps used:
D:        dungeon_sprint_mu

Action                   |  1- 3 |  4- 6 || total
-------------------------+-------+-------++-------
Melee: Dagger            |     8 |    26 ||    34
 Cast: Ensorcelled Hiber |     4 |       ||     4
       Dazzling Spray    |     1 |    10 ||    11
       Corona            |       |     1 ||     1
  Use: Potion            |     1 |     6 ||     7
       Scroll            |       |     5 ||     5
 Stab: Sleeping          |     4 |     1 ||     5
       Invisible         |     2 |       ||     2
